 Dungeon Crawl Stone Soup version 0.29-a0-998-g1987434951 (webtiles) character file.

Game seed: 14679518039593149247

1417 gelatine the Chopper (level 8, 0/60 HPs)
             Began as a Demonspawn Gladiator on Aug 5, 2022.
             Succumbed to an orc wizard's poison
             ... on level 5 of the Dungeon.
             The game lasted 00:12:10 (4252 turns).

gelatine the Chopper (Demonspawn Gladiator)         Turns: 4252, Time: 00:12:10

Health: 0/60       AC: 10    Str: 17    XL:     8   Next: 43%
Magic:  17/17      EV: 12    Int:  9    God:
Gold:   261        SH:  0    Dex: 15    Spells: 7/7 levels left

rFire   + . .      SeeInvis .   h - +6 shillelagh "Devastator" {shatter}
rCold   + + .      Faith    .   (no shield)
rNeg    . . .      Spirit   .   f - +1 ring mail
rPois   +          Reflect  .   (helmet restricted)
rElec   +          Harm     .   (no cloak)
rCorr   +          Rampage  .   (no gloves)
Will    .....                   (no boots)
Stlth   +.........              (no amulet)
HPRegen 0.20/turn               m - ring of protection from cold
MPRegen 0.15/turn               w - ring of magical power

@: lethally poisoned (0 -> -6), resistant
A: horns 2, yellow scales 3
a: no special abilities


You were on level 5 of the Dungeon.
You visited 1 branch of the dungeon, and saw 6 of its levels.

You collected 287 gold pieces.
You spent 26 gold pieces at shops.

Inventory:

Hand Weapons
 a - a +1 war axe of flaming
 h - the +6 shillelagh "Devastator" (weapon) {shatter}
   (You found it on level 5 of the Dungeon)

   It releases a powerful concussive burst when it strikes, dealing extra damage
   to the target and all other foes adjacent to them.
Missiles
 e - a javelin (quivered)
 j - 6 atropa-tipped darts
 o - 8 poisoned darts
Armour
 f - a +1 ring mail (worn)
 g - a +0 chain mail
Jewellery
 m - a ring of protection from cold (left hand)
 w - a ring of magical power (right hand)
Wands
 d - a wand of flame (26)
Scrolls
 b - a scroll of immolation
 c - 2 scrolls of vulnerability
 l - a scroll of brand weapon
 n - a scroll of teleportation
 s - a scroll of noise
Potions
 p - a potion of attraction


   Skills:
 + Level 4.3 Fighting
 + Level 7.0(7.1) Axes
 + Level 1.2(4.5) Maces & Flails
 + Level 2.0 Throwing
 + Level 3.6 Armour
 + Level 4.7 Dodging
 + Level 0.7 Stealth


You had 7 spell levels left.
You didn't know any spells.
Your spell library contained the following spells:

 Spells                   Type           Power      Damage    Failure   Level
 Foxfire                  Conj/Fire      0%         2x1d4     58%         1
 Summon Small Mammal      Summ           0%         N/A       58%         1
 Call Canine Familiar     Summ           0%         N/A       91%         3
 Conjure Flame            Conj/Fire      0%         6-21      91%         3
 Inner Flame              Hex/Fire       0%         N/A       91%         3
 Portal Projectile        Hex/Tloc       0%         N/A       91%         3
 Summon Guardian Golem    Hex/Summ       0%         N/A       91%         3
 Tukima's Dance           Hex            0%         N/A       91%         3
 Animate Dead             Necr           0%         N/A       100%        4
 Flame Wave               Conj/Fire      0%         2d4       100%        4
 Blade Hands              Tmut           0%         N/A       100%        5
 Haunt                    Necr/Summ      0%         N/A       100%        7
 Infestation              Necr           0%         N/A       100%        8


Dungeon Overview and Level Annotations

Branches:
Dungeon (6/15)
 Temple: D:4-7

Altars:
Gozag
Uskayaw
Xom

Shops:
D:5 ?


Innate Abilities, Weirdness & Mutations

You have a pair of horns on your head.
You are completely covered in yellow scales. (AC +4, rCorr)


Message History

The orc warrior is moderately wounded.
The orc warrior hits you with a +0 halberd.
You hit the orc warrior but do no damage.
You headbutt the orc warrior.
The orc warrior is heavily wounded.
The orc warrior closely misses you.
You barely miss the orc warrior. Your headbutt misses the orc warrior.
The orc warrior is heavily wounded.
The orc warrior hits you with a +0 halberd!
You hit the orc warrior but do no damage.
The orc warrior is heavily wounded.
The orc warrior hits you with a +0 halberd!
The orc warrior barely misses you.
You hit the orc warrior.
The orc warrior shudders.
The orc warrior is almost dead. x2
The orc warrior hits you with a +0 halberd.
* * * LOW HITPOINT WARNING * * *
You sock the orc warrior!
Reactivating autopickup.
You feel a bit more experienced. x2
You kill the orc warrior!
Your Axes skill increases to level 7!
Okay, then.
As you read the scroll of fog, it crumbles to dust.
The scroll dissolves into smoke.
Something barely misses you. Something hits you but does no damage.
You are poisoned.
Deactivating autopickup; reactivate with Ctrl-A.
* * * LOW HITPOINT WARNING * * *
You feel very sick.
A magic dart appears from out of thin air!
The magic dart hits you!
* * * LOW HITPOINT WARNING * * *
You feel protected.
* * * LOW HITPOINT WARNING * * *
You feel sick.
As you read the scroll labelled HIBEPA QEUCHIB, it crumbles to dust.
The creatures around you are filled with an inner flame!
It was a scroll of immolation.
You die...

.##.###......################.#
#
.............................>#
#
..........................###.#
#
.###########.############.###.#
# .# #.....# #..##.# # .#
#.##### #####.##.# # .# #.#
.....#..#.# # ##
#.##########§.....##.#>#
#......§§@{o§..... #.#.#
############§..... #.#.# #
..... #.#.### .... #...##. ...
##..##. .. #..##. ########### .
#..##. #.........# #+#####.)##.
#.........# #.......))..


You could see an orc (inner flame).

Vanquished Creatures
  Eustachio (D:5)
  The ghost of Bl4cKSa5uke the Conjurer, an amateur TeMo of Vehumet (D:3)
  An orc warrior (D:5)
  A black bear (D:5)
  3 ogres (D:5)
  A bullfrog (D:6)
  A necrophage (D:5)
  2 scorpions
  3 hounds (D:5)
  An orc priest (D:5)
  A gnoll bouda (D:3)
  2 iguanas
  5 orc wizards
  5 gnolls (D:3)
  4 adders
  3 dart slugs
  15 orcs
  3 ball pythons
  3 endoplasms
  3 giant cockroaches
  2 goblins (D:3)
  6 hobgoblins
  4 jackals (D:3)
  4 bats (D:2)
  4 frilled lizards
  3 kobolds
  4 rats
  A bush (D:2)
87 creatures vanquished.

Vanquished Creatures (others)
  6 plants (D:2)
6 creatures vanquished.

Grand Total: 93 creatures vanquished

Notes
Turn   | Place    | Note
-------+----------+-------------------------------------------
     0 | D:1      | gelatine the Demonspawn Gladiator began the quest for the
                  | Orb.
     0 | D:1      | Reached XP level 1. HP: 16/16 MP: 1/1
   364 | D:1      | Gained mutation: You are partially covered in yellow
                  | scales. (AC +2) [demonic ancestry]
   364 | D:1      | Reached XP level 2. HP: 22/22 MP: 2/2
   726 | D:2      | Noticed a scorpion
   737 | D:2      | Killed a scorpion
   738 | D:2      | Reached skill level 3 in Axes
   738 | D:2      | Gained mutation: You are mostly covered in yellow scales.
                  | (AC +3) [demonic ancestry]
   738 | D:2      | Reached XP level 3. HP: 23/28 MP: 3/3
   738 | D:2      | Reached XP level 4. HP: 28/34 MP: 4/4
  1011 | D:2      | Found a faded altar of an unknown god.
  1519 | D:3      | Reached skill level 4 in Axes
  1848 | D:3      | Found a hide-covered altar of Uskayaw.
  1920 | D:3      | Gained mutation: You have a pair of small horns on your
                  | head. [demonic ancestry]
  1920 | D:3      | Reached XP level 5. HP: 12/39 MP: 5/5
  1935 | D:3      | Reached skill level 1 in Armour
  1954 | D:3      | HP: 1/39 [gnoll/+0 halberd[a gnoll bouda] (3)]
  2260 | D:3      | Found a runed translucent door.
  2260 | D:3      | Noticed Bl4cKSa5uke's ghost (amateur TeMo)
  2612 | D:3      | Killed Bl4cKSa5uke's ghost
  2613 | D:3      | Reached XP level 6. HP: 8/46 MP: 6/6
  2876 | D:4      | Reached skill level 5 in Axes
  3117 | D:4      | You fall into a shaft and drop 2 floors!
  3234 | D:5      | Entered Level 5 of the Dungeon
  3422 | D:5      | Gained mutation: You have a pair of horns on your head.
                  | [demonic ancestry]
  3422 | D:5      | Reached XP level 7. HP: 42/52 MP: 7/7
  3507 | D:5      | Found Caam's Magic Scroll Boutique.
  3510 | D:5      | Bought a scroll of identify for 26 gold pieces
  3629 | D:5      | Found the +6 shillelagh "Devastator" {shatter}
  3640 | D:5      | Reached skill level 6 in Axes
  3911 | D:5      | Found an opulent altar of Gozag.
  4011 | D:5      | Gained mutation: You are completely covered in yellow
                  | scales. (AC +4, rCorr) [demonic ancestry]
  4011 | D:5      | Reached XP level 8. HP: 60/60 MP: 8/8
  4102 | D:5      | Found a shimmering altar of Xom.
  4132 | D:5      | Reached skill level 1 in Maces & Flails
  4234 | D:5      | Noticed Eustachio
  4241 | D:5      | Killed Eustachio
  4249 | D:5      | Reached skill level 7 in Axes
  4250 | D:5      | HP: 3/60 [something/magic dart (8)]
  4251 | D:5      | HP: 1/60 [poisoned by an orc wizard]
  4252 | D:5      | Succumbed to an orc wizard's poison

Illustrated notes

Levels and vault maps discovered:
D:1:      minmay_arrival_arboretum_small, layout_loops_ring
D:2:      layout_rooms, serial_forest, infiniplex_forest_straight_2,
          infiniplex_forest_lined_3_way, infiniplex_forest_lined_4_way,
          infiniplex_forest_clump_long, infiniplex_forest_clump_long,
          infiniplex_forest_clump_cross, shapermc_ecumenical_altar_venn,
          minmay_misc_feat_roman, mrwooster_statue_mirror
D:3:      layout_basic, overflow_temple_1_default, gammafunk_ghost_grave
D:4:      layout_loops_ring, grunt_decor_mini_mirrors, sigmund_edmund_badplayer
D:5:      layout_basic, grunt_gozag_breadcrumbs, xom_teletrap_fun, serial_shops,
          shop, columned_hall_lemuel, dilly_guarded_unrand_devastator,
          uniq_eustachio
D:6:      layout_basic, minmay_temple_entry_nine_rooms,
          hangedman_abyss_or_decor_stagger, uniq_grinder, uniq_maggie,
          uniq_pikel

Skill      XL: |  1  2  3  4  5  6  7  8 |
---------------+-------------------------+-----
Dodging        | 3 4 |  4.7
Axes           | 3 4 5 6 7 |  7.0
Throwing       | 2 |  2.0
Armour         | 1 2 3 |  3.6
Fighting       | 3 4 |  4.3
Maces & Flails | 1 |  1.2
Stealth        | |  0.7

Action                   |  1- 3 |  4- 6 |  7- 9 || total
-------------------------+-------+-------+-------++-------
Melee: War axe           |    40 |   253 |    28 ||   321
       Punch             |       |     3 |       ||     3
       Headbutt          |       |     8 |     8 ||    16
       Shillelagh        |       |       |    21 ||    21
Throw: Throwing net      |     2 |     2 |       ||     4
  Use: Potion            |       |     6 |     1 ||     7
       Scroll            |       |     2 |    10 ||    12
Armor: Ring mail         |    12 |    67 |    14 ||    93
       Leather armour    |     1 |       |       ||     1
       Skin              |       |    20 |       ||    20
       Chain mail        |       |     1 |       ||     1
Dodge: Dodged            |    27 |   113 |    36 ||   176

Table legend: (Time is in decaauts)
 A = Elapsed time spent in this place.
 B = Non-inter-level travel time spent in this place.
 C = Inter-level travel time spent in this place.
 D = Time resting spent in this place.
 E = Time spent auto-exploring this place.
 F = Levels seen in this place.
 G = Mean time per level.
                   A        B        C        D        E       F      G
               +--------+--------+--------+--------+--------+-----+--------+
         Total |   4328 |   4273 |     55 |    259 |   3105 |   6 |  721.3 |
       Dungeon |   4328 |   4273 |     55 |    259 |   3105 |   6 |  721.3 |
               +--------+--------+--------+--------+--------+-----+--------+

Top non-repeatable levels by time:
     D:3: 1367 daAuts
     D:5: 1029 daAuts
     D:2: 822 daAuts
     D:1: 737 daAuts
     D:4: 253 daAuts
     D:6: 118 daAuts
